 Dungeon Crawl Stone Soup version 0.27-a0-54-g64bdb92e38 (webtiles) character file.

Game seed: 3837286356530357287

349 tatocazan the Magician (level 6, -7/32 HPs)
             Began as a Deep Elf Air Elementalist on Jan 7, 2021.
             Mangled by an ogre
             ... wielding a cursed -2 giant spiked club
              (30 damage)
             ... on level 4 of the Dungeon.
             The game lasted 00:06:45 (4026 turns).

tatocazan the Magician (Deep Elf Air Elementalist)  Turns: 4026, Time: 00:06:46

Health: -7/32      AC:  3    Str:  5    XL:     6   Next: 33%
Magic:  4/15       EV: 14    Int: 22    God:
Gold:   195        SH:  0    Dex: 15    Spells: 4/14 levels left

rFire    . . .     SeeInvis .   s - +2 short sword (vamp)
rCold    . . .     Faith    .   (no shield)
rNeg     . . .     Spirit   .   a - +0 robe
rPois    .         Reflect  .   n - +0 helmet
rElec    .         Harm     .   (no cloak)
rCorr    .         Rampage  .   (no gloves)
Will     .....                  (no boots)
Stlth    +++.......             (no amulet)
HPRegen  0.10/turn              (no ring)
MPRegen  0.14/turn              (no ring)

@: no status effects
A: no striking features
a: no special abilities


You were on level 4 of the Dungeon.
You visited 1 branch of the dungeon, and saw 4 of its levels.

You collected 195 gold pieces.

Inventory:

Hand Weapons
 m - a +3 dagger of holy wrath
 s - a +2 vampiric short sword (weapon)
Armour
 a - a +0 robe (worn)
 n - a +0 helmet (worn)
 p - a +0 kite shield of protection
Scrolls
 d - 2 scrolls of enchant weapon {unknown}
 e - 2 scrolls of identify {unknown}
 f - 3 scrolls of remove curse {unknown}
 g - a scroll of blinking {unknown}
 h - a scroll of fear {unknown}
 i - a scroll of fog {unknown}
 j - 4 scrolls of magic mapping {unknown}
 k - a scroll of enchant armour {unknown}
 q - a scroll of random uselessness {unknown}
 r - a scroll of immolation {unknown}
Potions
 b - a potion of flight
 l - a potion of brilliance {unknown}
 o - a potion of attraction {unknown}


   Skills:
 + Level 4.3 Dodging
 + Level 4.4 Stealth
 + Level 4.8 Spellcasting
 + Level 3.2 Conjurations
 + Level 4.1 Air Magic


You had 4 spell levels left.
You knew the following spells:

 Your Spells              Type           Power        Failure   Level
a - Shock                 Conj/Air       84%          2%          1
b - Swiftness             Air            23%          3%          2
c - Static Discharge      Conj/Air       21%          7%          3
d - Airstrike             Air            11%          19%         4

Your spell library contained the following spells:

 Spells                   Type           Power        Failure   Level
 Lightning Bolt           Conj/Air       10%          54%         5


Dungeon Overview and Level Annotations

Branches:
Dungeon (4/15)
 Temple: D:4-7

Altars:
Makhleb
Okawaru


Message History

You see here 2 throwing nets.
Casting: Static Discharge (quite dangerous; 7% risk of failure)
Confirm with . or Enter, or press ? or * to list all spells.
Aiming: Shock (safe; 2% risk of failure)
Press: ? - help, Shift-Dir - straight line, f/p - gnoll
Aim: a gnoll, wielding a +0 rapier (almost dead, 23% to evade)
The zap hits the gnoll.
You kill the gnoll!
You now have 0/15 mp.
An ogre comes into view. It is wielding a -2 giant spiked club.
The ogre shouts!
A hound comes into view.
Found 28 stones.
The gnoll closely misses you.
There is a stone staircase leading down here.
There is a stone staircase leading down here.
The gnoll closely misses you.
The ogre hits you with a cursed -2 giant spiked club!!
Ouch! That really hurt!
You die...

...............####.##
...................# .
.........#.....#..# .
....#............## .
####.........>..# ..
....#..#.#.....# ..
.....#..###.....# .##
...........#O....##
..##.
..#.......@g.....# ....
#..#.......#......# ..#
#...(.....÷##....##
..####.........###....#
†..............# ##..##
#..............# ####
#.............##
#.##..........##
...............#


You could see an ogre and a gnoll.

Vanquished Creatures
  A scorpion (D:4)
  2 hounds (D:4)
  2 iguanas (D:4)
  2 worker ants (D:4)
  Robin (D:3)
  2 gnolls (D:4)
  2 adders (D:3)
  An adder zombie (D:3)
  5 worms
  3 dart slugs
  A leopard gecko (D:1)
  An orc (D:4)
  2 giant cockroaches (D:2)
  8 goblins
  10 hobgoblins
  3 quokkas
  A ball python (D:1)
  8 bats
  5 frilled lizards
  A jackal skeleton (D:4)
  7 kobolds
  6 rats
74 creatures vanquished.

Vanquished Creatures (others)
  23 plants (D:3)
23 creatures vanquished.

Grand Total: 97 creatures vanquished

Notes
Turn   | Place    | Note
-------+----------+-------------------------------------------
     0 | D:1      | tatocazan the Deep Elf Air Elementalist began the quest for
                  | the Orb.
     0 | D:1      | Reached XP level 1. HP: 10/10 MP: 6/6
   342 | D:1      | Reached XP level 2. HP: 15/15 MP: 6/8
  1520 | D:2      | Reached XP level 3. HP: 19/19 MP: 5/9
  1841 | D:2      | Learned a level 2 spell: Swiftness
  1845 | D:2      | Learned a level 3 spell: Static Discharge
  1860 | D:2      | Found a burning altar of Makhleb.
  1861 | D:2      | Noticed a blizzard demon
  2472 | D:3      | Reached XP level 4. HP: 24/24 MP: 9/11
  2482 | D:3      | Noticed Robin
  2543 | D:3      | Killed Robin
  2871 | D:3      | Found a faded altar of an unknown god.
  3427 | D:4      | Reached XP level 5. HP: 22/28 MP: 1/13
  3523 | D:3      | Learned a level 4 spell: Airstrike
  3841 | D:4      | Reached XP level 6. HP: 29/32 MP: 0/14
  3936 | D:4      | Found an iron altar of Okawaru.
  4026 | D:4      | Mangled by an ogre

Illustrated notes

Levels and vault maps discovered:
D:1:      tarquinn_simple_flora_water_e, layout_basic, roderic_lattice_a
D:2:      layout_basic, makhleb_altar_promises_db
D:3:      layout_basic, serial_bayou, serial_bayou_pond_e, serial_bayou_pond_b,
          serial_bayou_pond_b, serial_bayou_lake_a,
          chequers_ecumenical_altar_island, uniq_robin
D:4:      layout_cave_pools, old_standard_altar, serial_shops,
          nicolae_shop_window_shopping

Skill      XL: |  1  2  3  4  5  6 |
---------------+-------------------+-----
Stealth        | 3 4 |  4.4
Dodging        | 3 4 |  4.3
Conjurations   | 2 3 |  3.2
Spellcasting   | 4 |  4.8
Air Magic      | 4 |  4.1

Action                   |  1- 3 |  4- 6 || total
-------------------------+-------+-------++-------
Melee: Unarmed           |     1 |     1 ||     2
       Dagger            |       |    22 ||    22
       Short sword       |       |     7 ||     7
 Cast: Shock             |   105 |    61 ||   166
       Static Discharge  |     1 |    16 ||    17
       Swiftness         |       |     1 ||     1
  Use: Potion            |       |     2 ||     2
Armor: Robe              |     2 |     8 ||    10
Dodge: Dodged            |    15 |    42 ||    57

Table legend: (Time is in decaauts)
 A = Elapsed time spent in this place.
 B = Non-inter-level travel time spent in this place.
 C = Inter-level travel time spent in this place.
 D = Time resting spent in this place.
 E = Time spent auto-exploring this place.
 F = Levels seen in this place.
 G = Mean time per level.
                   A        B        C        D        E       F      G
               +--------+--------+--------+--------+--------+-----+--------+
         Total |   4080 |   4029 |     51 |    776 |   2751 |   4 | 1020.0 |
       Dungeon |   4080 |   4029 |     51 |    776 |   2751 |   4 | 1020.0 |
               +--------+--------+--------+--------+--------+-----+--------+

Top non-repeatable levels by time:
     D:3: 1561 daAuts
     D:1: 1048 daAuts
     D:2: 935 daAuts
     D:4: 535 daAuts
